Map: Tours du crépuscule

Players

zidar

  • Race: Zerg Zerg
  • League: Silver
  • Spawn Location: 7:00

Linbow - Winner!

  • Race: Protoss Protoss
  • League: Gold
  • Spawn Location: 1:00

VOD

Have the link to the VOD?

Description

Time

  • Played on: Feb. 12, 2016, 7:20 a.m.
  • Length: 18:48
Show
View Real Time Build Order
Export as new Build Order

zidar Zerg 

Build Orders: Pool First 

Get SALT Encoding   

  12  0:01  Drone  
  13  0:12  Overlord  
  13  0:18  Drone  
  14  0:30  Drone x2  
  14  0:34  Drone  
  17  0:49  Spawning Pool  
  17  0:50  Drone  
  17  1:15  Drone  
  17  1:16  Extractor  
  17  1:17  Hatchery  
  16  1:20  Drone  
  17  1:32  Drone  
  18  1:37  Queen  
  20  1:43  Overlord  
  20  1:55  Zergling x4  
  22  2:02  Drone  
  22  2:19  Queen  
  24  2:33  Metabolic Boost  
  24  2:49  Spore Crawler  
  23  3:08  Spore Crawler  
  22  3:14  Roach Warren  
  22  3:18  Extractor, Drone x4  
  22  3:19  Drone x2  
  26  3:35  Lair  
  26  4:02  Hatchery  
  26  4:05  Drone  
  26  4:06  Drone x5  
  31  4:10  Overlord  
  30  5:04  Pneumatized Carapace  
  30  5:05  Overseer  
  30  5:08  Roach x3  
  30  5:13  Overlord x2  
  36  5:14  Overlord  
  36  5:19  Hydralisk Den  
  35  5:23  Queen  
  35  5:27  Drone  
  35  5:28  Drone x4  
  42  5:41  Overseer  
  42  5:52  Extractor  
  42  5:54  Drone  
  42  5:55  Drone x11  
  42  5:56  Extractor  
  52  6:09  Evolution Chamber  
  51  6:12  Evolution Chamber  
  50  6:29  Hydralisk  
  50  6:30  Hydralisk x6  
  64  6:58  Overlord x3  
  64  6:59  Overlord  
  64  7:04  Zerg Missile Weapons Level 1, Zerg Ground Armor Level 1  
  63  7:17  Extractor  
  63  7:18  Extractor  
  63  7:21  Drone x6  
  67  7:28  Overseer  
  67  7:35  Infestation Pit  
  66  7:56  Muscular Augments  
  66  8:02  Spire  
  65  8:06  Roach  
  65  8:07  Roach x7, Hydralisk  
  65  8:08  Hydralisk x3  
  89  8:50  Overlord  
  89  8:51  Overlord x4  
  89  9:12  Zerg Ground Armor Level 2, Zerg Missile Weapons Level 2  
  89  9:16  Hatchery, Hive  
  88  9:22  Hydralisk x2  
  92  9:32  Drone x4  
  92  9:35  Drone  
  92  9:37  Drone  
  98  9:40  Drone  
  99  9:51  Drone x5  
  104  10:27  Overlord x10  
  103  10:46  Drone x9  
  112  10:52  Roach x3  
  118  11:05  Viper x3  
  118  11:07  Corruptor  
  129  12:18  Corruptor  
  129  12:19  Corruptor x2  
  129  12:21  Corruptor x3  
  129  12:22  Corruptor  
  143  12:23  Zergling x2  
  144  12:37  Overseer  
  144  12:39  Lurker Den  
  144  12:46  Overlord x4  
  144  12:47  Overlord  
  144  13:07  Roach  
  144  13:08  Roach x11  
  144  13:09  Hydralisk x4  
  176  13:14  Overlord x5  
  176  13:15  Overlord  
  173  13:45  Hydralisk  
  173  13:46  Hydralisk x12  
  114  14:31  Hydralisk  
  114  14:32  Hydralisk x13  
  142  14:51  Zerg Ground Armor Level 3  
  142  14:53  Ultralisk Cavern  
  142  14:55  Zerg Melee Weapons Level 1  
  141  15:17  Extractor  
  141  15:18  Extractor  
  139  15:33  Lurker  
  139  15:34  Lurker x3  
  143  15:48  Chitinous Plating  
  143  16:08  Zerg Flyer Weapons Level 1  
  143  16:17  Hatchery, Ultralisk  
  143  16:18  Ultralisk x4  
  172  16:19  Ultralisk x4  
  183  16:46  Viper x2  
  183  16:47  Viper  
  190  17:13  Drone  
  190  17:15  Zergling x12  
  192  17:16  Zergling x6  
  200  17:41  Hatchery  
Show
View Real Time Build Order
Export as new Build Order

Linbow Protoss - Winner!

Build Orders:  

Get SALT Encoding   

  12  0:02  Probe (Chrono Boost)  
  13  0:12  Probe (Chrono Boost)  
  14  0:23  Probe (Chrono Boost), Pylon  
  15  0:41  Probe (Chrono Boost)  
  16  0:52  Probe (Chrono Boost)  
  17  1:06  Probe (Chrono Boost)  
  17  1:09  Nexus  
  18  1:15  Forge  
  18  1:24  Pylon  
  18  1:28  Probe (Chrono Boost)  
  19  1:34  Pylon  
  19  1:49  Assimilator  
  19  1:50  Photon Cannon  
  19  2:01  Gateway  
  19  2:08  Photon Cannon  
  19  2:20  Probe (Chrono Boost)  
  19  2:23  Assimilator  
  19  2:29  Assimilator  
  19  2:31  Probe (Chrono Boost)  
  19  2:33  Probe (Chrono Boost)  
  21  2:44  Probe (Chrono Boost)  
  22  2:47  Pylon  
  22  2:50  Probe (Chrono Boost)  
  23  2:54  Probe (Chrono Boost)  
  24  3:01  Probe (Chrono Boost)  
  24  3:05  Probe (Chrono Boost)  
  26  3:12  Probe (Chrono Boost)  
  27  3:15  Probe (Chrono Boost)  
  27  3:18  Photon Cannon  
  28  3:23  Photon Cannon  
  28  3:26  Probe (Chrono Boost)  
  29  3:31  Gateway  
  29  3:38  Probe x2 (Chrono Boost)  
  31  3:48  Probe (Chrono Boost)  
  31  3:49  Probe (Chrono Boost)  
  33  3:59  Probe x2 (Chrono Boost)  
  33  4:02  Assimilator  
  35  4:07  Assimilator  
  35  4:08  Cybernetics Core  
  37  4:10  Probe x2 (Chrono Boost)  
  37  4:20  Probe x2 (Chrono Boost)  
  39  4:31  Probe x2 (Chrono Boost)  
  41  4:32  Pylon  
  41  4:47  Stargate  
  41  4:51  Stargate  
  41  4:57  Pylon  
  41  5:01  Warp Gate  
  41  5:02  Pylon  
  41  5:08  Photon Cannon  
  41  5:14  Photon Cannon  
  41  5:16  Pylon  
  41  5:22  Pylon  
  41  5:25  Nexus  
  41  5:29  Probe x2 (Chrono Boost)  
  41  5:34  Robotics Facility  
  41  5:35  Robotics Facility  
  43  5:40  Probe x2 (Chrono Boost)  
  45  5:49  Fleet Beacon  
  45  6:06  Phoenix x2  
  49  6:14  Photon Cannon  
  49  6:19  Photon Cannon  
  49  6:20  Photon Cannon  
  49  6:28  Pylon  
  49  6:33  Anion Pulse-Crystals  
  49  6:35  Phoenix x2  
  53  7:00  Phoenix x2  
  57  7:04  Immortal x2  
  65  7:15  Probe (Chrono Boost)  
  66  7:23  Protoss Ground Weapons Level 1  
  66  7:25  Probe (Chrono Boost)  
  67  7:33  Twilight Council  
  67  7:36  Probe (Chrono Boost)  
  68  7:40  Protoss Air Weapons Level 1  
  68  7:43  Phoenix x2  
  72  7:46  Probe (Chrono Boost)  
  73  7:57  Probe (Chrono Boost)  
  73  7:58  Assimilator  
  74  8:04  Assimilator  
  74  8:07  Probe (Chrono Boost)  
  74  8:09  Nexus  
  75  8:18  Probe (Chrono Boost)  
  76  8:26  Mothership Core (Chrono Boost)  
  78  8:28  Probe (Chrono Boost)  
  79  8:39  Probe (Chrono Boost)  
  80  8:50  Probe (Chrono Boost)  
  81  9:00  Probe (Chrono Boost)  
  82  9:09  Immortal x2  
  90  9:19  Probe (Chrono Boost)  
  90  9:22  Probe (Chrono Boost)  
  92  9:25  Pylon  
  92  9:30  Probe (Chrono Boost), Protoss Ground Armor Level 1  
  93  9:33  Probe (Chrono Boost)  
  94  9:40  Probe (Chrono Boost)  
  94  9:44  Probe (Chrono Boost)  
  96  9:46  Protoss Air Armor Level 1  
  96  9:51  Probe (Chrono Boost)  
  97  9:54  Probe (Chrono Boost)  
  98  10:01  Probe (Chrono Boost)  
  98  10:05  Probe (Chrono Boost)  
  100  10:26  Probe (Chrono Boost)  
  101  10:37  Probe (Chrono Boost), Immortal  
  101  10:38  Immortal  
  101  10:41  Assimilator  
  110  10:45  Robotics Bay  
  110  10:46  Assimilator  
  110  10:47  Probe (Chrono Boost)  
  110  10:48  Forge  
  110  10:49  Forge  
  111  10:51  Cybernetics Core  
  111  10:58  Probe (Chrono Boost)  
  111  11:00  Robotics Facility, Probe (Chrono Boost)  
  111  11:03  Robotics Facility  
  113  11:09  Probe (Chrono Boost)  
  113  11:11  Probe (Chrono Boost)  
  115  11:14  Pylon  
  115  11:19  Probe (Chrono Boost)  
  115  11:21  Probe (Chrono Boost)  
  115  11:24  Immortal x2  
  125  11:26  Pylon  
  125  11:28  Pylon  
  125  11:29  Pylon x2  
  125  11:31  Pylon  
  125  11:32  Probe (Chrono Boost), Extended Thermal Lance, Pylon  
  126  11:36  Protoss Air Weapons Level 2  
  126  11:38  Protoss Ground Armor Level 2 (Chrono Boost)  
  126  11:39  Protoss Ground Weapons Level 2 (Chrono Boost)  
  126  11:44  Protoss Shields Level 1 (Chrono Boost)  
  126  11:51  Immortal x2  
  134  12:10  Immortal  
  134  12:11  Immortal  
  142  12:32  Mothership  
  142  12:39  Colossus x2  
  154  12:44  Tempest x2  
  162  12:52  Colossus  
  162  12:53  Colossus  
  174  13:19  Protoss Air Armor Level 2  
  180  13:31  Pylon  
  180  13:46  Protoss Shields Level 2 (Chrono Boost)  
  180  13:50  Protoss Ground Armor Level 3 (Chrono Boost)  
  180  13:51  Protoss Ground Weapons Level 3 (Chrono Boost)  
  180  14:47  Immortal x3  
  180  14:48  Immortal  
  188  14:52  Tempest x2  
  188  14:55  Protoss Air Weapons Level 3  
  196  15:51  Protoss Shields Level 3 (Chrono Boost)  
  196  15:55  Protoss Air Armor Level 3  
  196  16:14  Nexus  
  196  17:47  Assimilator  
  196  17:52  Assimilator  
Tags
 
Add a new tag
Caveats
  • Supply blocks, unpowered buildings, or Contaminate may cause inaccurate times.
  • Supply counts are checked every 10 seconds.